 Dungeon Crawl Stone Soup version 0.21.1-1-g345015f (webtiles) character file.

100 prawnwizard the Insei (level 4, -3/28 HPs)
             Began as an Octopode Transmuter on July 23, 2018.
             Slain by prawnwizard's ghost (8 damage)
             ... on level 3 of the Dungeon.
             The game lasted 00:02:57 (1953 turns).

prawnwizard the Insei (Octopode Transmuter)         Turns: 1953, Time: 00:02:58

Health: -3/28      AC:  1    Str:  9    XL:     4   Next: 73%
Magic:  6/7        EV: 13    Int: 15    God:
Gold:   186        SH:  0    Dex: 13    Spells: 6/7 levels left

rFire    . . .     SeeInvis .     - Unarmed
rCold    . . .     Gourm    .   (no shield)
rNeg     . . .     Faith    .   (helmet restricted)
rPois    .         Spirit   .   (no amulet)
rElec    .         Reflect  .   (no ring)
rCorr    .         Harm     .   (no ring)
MR       .....                  (no ring)
Stlth    ++........             (no ring)
HPRegen  0.09/turn              (no ring)
MPRegen  0.10/turn              (no ring)
                                (no ring)
                                (no ring)

@: appendage (expiring)
A: almost no armour, stealthy swim, amphibious, 8 rings, constrict 8, tentacle
spike 3, camouflage 1, gelatinous body 1
a: End Transformation


You were on level 3 of the Dungeon.
You were not hungry.
One of your tentacles had a temporary spike.
You visited 1 branch of the dungeon, and saw 3 of its levels.

You collected 186 gold pieces.

Inventory:

Missiles
 a - 26 arrows
Scrolls
 g - 3 scrolls of teleportation {unknown}
 h - a scroll of enchant weapon {unknown}
 j - a scroll of fear {unknown}
 k - a scroll of remove curse {unknown}
 l - 3 scrolls of identify {unknown}
 m - a scroll of immolation {unknown}
 n - a scroll of fog {unknown}
Potions
 d - 2 potions of agility {unknown}
 e - 2 potions of might {unknown}
 f - a potion of mutation {unknown}
 i - a potion of ambrosia {unknown}
Books
 b - a book of Changes

   Spells                             Type                      Level
   a - Beastly Appendage              Transmutation                1
   b - Sticks to Snakes               Transmutation                2
   c - Spider Form                    Transmutation/Poison         3
   d - Ice Form                       Ice/Transmutation            4
   e - Blade Hands                    Transmutation                5
Comestibles
 c - 5 rations


   Skills:
 - Level 1.0 Fighting
 - Level 2.0 Dodging
 + Level 5.3 Unarmed Combat
 - Level 2.0 Spellcasting
 - Level 2.0 Transmutations


You had 6 spell levels left.
You knew the following spells:

 Your Spells              Type           Power        Failure   Level  Hunger
a - Beastly Appendage     Tmut           #.....       10%         1    #......


Dungeon Overview and Level Annotations

Branches:
Dungeon (3/15)

Altars:

Annotations:
D:3 prawnwizard's ghost, amateur OpTm


Innate Abilities, Weirdness & Mutations

You cannot wear most types of armour.
You are very stealthy in the water. (Stealth+)
You are amphibious.
You can wear up to eight rings at the same time.
You can use your tentacles to constrict eight enemies at once.
Your skin changes colour to match your surroundings (Stealth+).
Your rubbery body absorbs attacks. (AC +1, EV +1)
One of your tentacles bears a large vicious spike.


Message History

Your tentacle spike misses prawnwizard's ghost.
Prawnwizard's ghost hits you!
You are too injured to fight recklessly!
You closely miss prawnwizard's ghost.
Your tentacle spike misses prawnwizard's ghost.
Prawnwizard's ghost closely misses you.
You tentacle-slap prawnwizard's ghost.
You pierce prawnwizard's ghost.
Prawnwizard's ghost is moderately damaged.
Prawnwizard's ghost barely misses you.
You miss prawnwizard's ghost.
You pierce prawnwizard's ghost.
Prawnwizard's ghost is moderately damaged.
You barely miss prawnwizard's ghost.
Prawnwizard's ghost is moderately damaged.
Prawnwizard's ghost hits you!
* * * LOW HITPOINT WARNING * * *
You miss prawnwizard's ghost.
Your tentacle-slap misses prawnwizard's ghost.
Prawnwizard's ghost is moderately damaged.
Prawnwizard's ghost hits you!
You die...

.............#........#
.............#.....### #
.......)....##.###.#####.###
#.....##.....#.#............
#.###.##.#.#.#.#.#..>.##.##
#.# #.##.#...#.#.####.# #.#
#.##.####.........# #.#
#.##...........#### ..# .#
......W@..# #.# ..........#
### ?.........# ..........#
..........# ####......#
#......# #.....!#


You could see prawnwizard's ghost.

Vanquished Creatures
  Robin (D:2)
  A shadow imp (D:2)
  2 oozes (D:1)
  A dart slug (D:1)
  2 leopard geckos (D:1)
  9 bats
  2 giant cockroaches (D:2)
  15 goblins
  9 hobgoblins
  3 jackals (D:2)
  6 kobolds
  A quokka (D:2)
  11 rats
63 creatures vanquished.

Notes
Turn   | Place    | Note
-------+----------+-------------------------------------------
     0 | D:1      | prawnwizard the Octopode Transmuter began the quest for the Orb.
     0 | D:1      | Reached XP level 1. HP: 13/13 MP: 3/3
    54 | D:1      | Reached XP level 2. HP: 18/18 MP: 5/5
   228 | D:1      | Reached skill level 4 in Unarmed Combat
   294 | D:1      | Reached XP level 3. HP: 23/23 MP: 6/6
   921 | D:2      | Reached XP level 4. HP: 19/28 MP: 7/7
   926 | D:2      | Noticed Robin
  1263 | D:2      | Reached skill level 5 in Unarmed Combat
  1268 | D:2      | Killed Robin
  1942 | D:3      | Noticed prawnwizard's ghost (amateur OpTm)
  1953 | D:3      | Slain by prawnwizard's ghost

Skill      XL: |  1  2  3  4 |
---------------+-------------+-----
Unarmed Combat | 4 5 |  5.3
Fighting       | |  1.0
Dodging        | |  2.0
Spellcasting   | |  2.0
Transmutations | |  2.0

Action                   |  1- 3 |  4- 6 || total
-------------------------+-------+-------++-------
Melee: Unarmed           |    80 |    40 ||   120
       Constrict         |    23 |     9 ||    32
       Tentacles         |     7 |     5 ||    12
       Punch             |     2 |     3 ||     5
       Kick              |       |    10 ||    10
 Cast: Beastly Appendage |       |     6 ||     6
 Stab: Sleeping          |     9 |     1 ||    10
  Eat: Chunk             |       |     3 ||     3
Armor: Skin              |    12 |       ||    12
Dodge: Dodged            |    55 |    14 ||    69
